 Dungeon Crawl Stone Soup version 0.31-a0-986-g5e6e4ef867 (webtiles) character file.

Game seed: 2789997633799868143

175256 sammy202020 the Warrior (level 17, -6/151 HPs)
             Began as a Demonspawn Shapeshifter on Nov 20, 2023.
             Was an Initiate of Gozag.
             Killed from afar by a will-o-the-wisp (25 damage)
             ... with a foxfire
             ... on level 3 of the Swamp.
             The game lasted 01:21:30 (36331 turns).

sammy202020 the Warrior (Demonspawn Shapeshifter)  Turns: 36331, Time: 01:21:32

Health: -6/151     AC: 29    Str: 24    XL:     17   Next: 21%
Magic:  17/17      EV: 16    Int: 17    God:    Gozag
Gold:   654        SH:  9    Dex: 18    Spells: 16/16 levels left

rFire   . .          .
                       - Unarmed
rCold   + + +        (shield currently unavailable)
rNeg    . . .        L - +7 Kryia's mail coat {PotionHeal*2 rC+}
rPois   +            f - +2 helmet "Iczusair" {Fly}
rElec   +            g - +2 cloak {rCorr}
rCorr   +            E - +2 pair of gloves {Dex+3}
SInv    +            (boots unavailable)
Will    +....        J - amulet of Eternal Night {Reflect Str+4 SH+5}
Stlth   +            W - ring of Satisfaction {rElec rC+++ Str-2 Int+6 Dex-3}
HPRegen 1.45/turn    H - ring of the Final Decision {rPois Dex+2 SInv}
MPRegen 0.15/turn

%: reflection
@: flux-form, gold aura, flying, glowing, studying Armour
A: glow, contaminating, hooves 3, rugged brown scales 2, icemail 2, powered by
death 1, condensation shield, large bone plates 1, thin skeletal structure 1,
electricity resistance, cold vulnerability 1, inability to drink after injury 1
}: 1/15 runes: gossamer
a: Begin Untransformation, Renounce Religion, Potion Petition, Call Merchant,
Bribe Branch


You were on level 3 of the Swamp.
You worshipped Gozag.
Gozag was pleased with you.
You were something dangerously unstable.
You visited 5 branches of the dungeon, and saw 28 of its levels.
You also visited: Sewer, Ossuary, Bailey and Gauntlet.

You collected 9114 gold pieces.
You spent 3886 gold pieces at shops.
You paid 4574 gold pieces to Gozag.

Inventory:

Missiles
 n - 38 poisoned darts
 w - 15 curare-tipped darts
Armour
 a - a scarf of repulsion
 f - the +2 helmet "Iczusair" (worn) {Fly}
   (You bought it in a shop on level 13 of the Dungeon)

   Fly:       It grants you flight.
 g - a +2 cloak of preservation (worn)
 p - a +2 robe of positive energy
 E - a +2 pair of gloves of dexterity (worn)
 L - the +7 Kryia's mail coat (worn) {PotionHeal*2 rC+}
   (You found it on level 9 of the Dungeon)

   PotionHeal*2: Potions heal its wearer twice as much.
   rC+:       It protects you from cold.
 P - the +0 pair of gloves of the Secret Servitors {Str+5 Int-4 Dex+5}
   (You found it in a Gauntlet)

   Str+5:     It affects your strength (+5).
   Int-4:     It affects your intelligence (-4).
   Dex+5:     It affects your dexterity (+5).
Jewellery
 j - a +4 ring of slaying
 m - a ring of positive energy
 q - an amulet of guardian spirit
 G - the ring "Oloafeigg" {rF+ MP+9 Dex+2}
   (You found it in a Gauntlet)

   [ring of magical power]

   Dex+2:     It affects your dexterity (+2).
   rF+:       It protects you from fire.
   MP+9:      It affects your magic capacity (+9).
 H - the ring of the Final Decision (right hand) {rPois Dex+2 SInv}
   (You bought it in a shop on level 1 of the Spider Nest)

   [ring of poison resistance]

   Dex+2:     It affects your dexterity (+2).
   rPois:     It protects you from poison SInv: It lets you see invisible.
 I - a ring of flight
 J - the amulet of Eternal Night (around neck) {Reflect Str+4 SH+5}
   (You bought it in a shop on level 1 of the Spider Nest)

   [amulet of reflection]

   Reflect:   It reflects blocked missile attacks.
   Str+4:     It affects your strength (+4).
   SH+5:      It affects your SH (+5).
 K - a ring of resist corrosion
 W - the ring of Satisfaction (left hand) {rElec rC+++ Str-2 Int+6 Dex-3}
   (You found it on level 12 of the Dungeon)

   [ring of intelligence]

   Str-2:     It affects your strength (-2).
   Int+6:     It affects your intelligence (+6).
   Dex-3:     It affects your dexterity (-3).
   rC+++:     It renders you almost immune to cold.
   rElec:     It insulates you from electricity.
Talismans
 c - a beast talisman
 d - a flux talisman (active)
Wands
 x - a wand of mindburst (5)
 A - a wand of paralysis (27)
 D - a wand of flame (50) (quivered)
 F - a wand of polymorph (13)
 O - a wand of quicksilver (16)
 Q - a wand of roots (21)
 Y - a wand of digging (12)
Scrolls
 e - 3 scrolls of fog
 k - 10 scrolls of amnesia
 l - 6 scrolls of teleportation
 r - a scroll of summoning
 s - 4 scrolls of blinking
 u - 9 scrolls of identify
 y - a scroll of vulnerability
 B - a scroll of silence
 R - 7 scrolls of revelation
 T - 5 scrolls of enchant weapon
 V - a scroll of fear
 X - a scroll of brand weapon
Potions
 b - 7 potions of lignification
 h - a potion of brilliance
 i - a potion of might
 o - 5 potions of curing
 t - 8 potions of enlightenment
 v - 4 potions of mutation
 z - a potion of magic
 C - 5 potions of cancellation
 M - 15 potions of ambrosia
 N - 4 potions of resistance
 S - a potion of invisibility
 Z - 3 potions of attraction


   Skills:
 * Level 16.1 Fighting
 + Level 13.2 Armour
 + Level 10.6 Dodging
 * Level 15.1 Unarmed Combat
 * Level 13.9 Shapeshifting


You had 16 spell levels left.
You didn't know any spells.
Your spell library contained the following spells:

 Spells                   Type           Power      Damage    Failure   Level
 Apportation              Tloc           0%         N/A       41%         1
 Summon Small Mammal      Summ           0%         N/A       41%         1
 Blink                    Tloc           0%         N/A       56%         2
 Ensorcelled Hibernation  Hex/Ice        0%         N/A       56%         2
 Jinxbite                 Hex            0%         N/A       56%         2
 Lesser Beckoning         Tloc           0%         N/A       56%         2
 Momentum Strike          Conj/Tloc      0%         3d8       56%         2
 Call Canine Familiar     Summ           0%         N/A       80%         3
 Dazzling Flash           Conj/Hex       0%         N/A       80%         3
 Frozen Ramparts          Ice            0%         1d1       80%         3
 Gell's Gravitas          Tloc           0%         N/A       80%         3
 Summon Guardian Golem    Hex/Summ       0%         N/A       80%         3
 Teleport Other           Tloc           0%         N/A       80%         3
 Volatile Blastmotes      Fire/Tloc      0%         2d10      80%         3
 Anguish                  Hex/Necr       0%         N/A       99%         4
 Brom's Barrelling Bould  Conj/Erth      0%         2d3       99%         4
 Leda's Liquefaction      Hex/Erth       0%         N/A       99%         4
 Olgreb's Toxic Radiance  Pois           0%         N/A       99%         4
 Passage of Golubria      Tloc           0%         N/A       99%         4
 Petrify                  Tmut/Erth      0%         N/A       99%         4
 Vhi's Electric Charge    Tloc/Air       0%         N/A       99%         4
 Alistair's Intoxication  Tmut/Pois      0%         N/A       100%        5
 Arcjolt                  Conj/Air       0%         1d10      100%        5
 Fireball                 Conj/Fire      0%         3d3       100%        5
 Iskenderun's Battlesphe  Conj           0%         2d6       100%        5
 Lee's Rapid Deconstruct  Erth           0%         3d4*      100%        5
 Metabolic Englaciation   Hex/Ice        0%         N/A       100%        5
 Silence                  Hex/Air        0%         N/A       100%        5
 Bombard                  Conj/Erth      0%         9d1       100%        6
 Conjure Ball Lightning   Conj/Air       0%         3x3d6     100%        6
 Dispersal                Tloc           0%         N/A       100%        6
 Starburst                Conj/Fire      0%         6d3       100%        6
 Orb of Destruction       Conj           0%         9d5       100%        7
 Discord                  Hex            0%         N/A       100%        8
 Ignition                 Fire           0%         3d3       100%        8
 Lehudib's Crystal Spear  Conj/Erth      0%         10d2      100%        8
 Maxwell's Capacitive Co  Air            0%         ∞         100%        8


Dungeon Overview and Level Annotations

Branches:
Dungeon (15/15)            Temple (1/1) D:7            Lair (5/5) D:11
  Swamp (3/4) Lair:3       Spider (4/4) Lair:3          Orc (0/2) D:9
 Vaults (0/5) D:13         Depths (0/4) D:15          Sewer (visited)
Ossuary (visited)          Bailey (visited)         Gauntlet (visited)
  Slime: Lair:4-5

Altars:
Ashenzari
Cheibriados
Dithmenos
Fedhas
Gozag
Hepliaklqana
Kikubaaqudgha
Makhleb
Nemelex Xobeh
Okawaru
Qazlal
Ru
Sif Muna
Trog
Uskayaw
Vehumet
Wu Jian
Xom
Yredelemnul

Shops:
D:5 !   D:7 *   D:13 [   D:14 :   Lair:3 *=   Spider:1 !=

Annotations:
Lair:4 exclusion: 2 oklob plants


Innate Abilities, Weirdness & Mutations

You are something dangerously unstable.
You glow with magical radiation, making you easy to see and hit.
Foes you strike become dangerously contaminated with magical radiation.
You are incapable of wielding weapons or throwing items.
You have hooves in place of feet.
You are mostly covered in rugged brown scales. (AC +2, +5% HP)
A meltable icy envelope protects you from harm. (AC +0)
You regenerate a little health from kills.
A meltable shield of frost defends you. (SH +0)
You are partially covered in large bone plates. (SH +4)
You have a somewhat thin skeletal structure. (Dex +2, Stealth+)
You are resistant to electric shocks. (rElec)
You are vulnerable to cold. (rC-)
You occasionally lose the ability to drink potions when taking damage.


Message History

The swamp worm bites you.
* * * LOW HITPOINT WARNING * * *
2 foxfires come into view.
You see here 5 gold pieces.
Unknown command.
You hit the swamp worm but do no damage.
The swamp worm begins to glow.
The will-o-the-wisp stops glowing.
You punch the swamp worm!
The swamp worm glows dangerously bright.
Your kick misses the swamp worm.
The swamp worm is heavily wounded.
The foxfire hits you.
The foxfire hits you but does no damage.
The swamp worm is distracted by your dazzling golden aura.
The will-o-the-wisp gestures.
The will-o-the-wisp conjures some marshlight! 2 foxfires come into view.
You hit the swamp worm.
The swamp worm shudders as magic cascades through it!!
You kill the swamp worm!
You are engulfed in a cloud of scalding steam.
Unknown command.
You can drink potions again.
The foxfire hits you but does no damage.
The foxfire hits you!!
* * * LOW HITPOINT WARNING * * *
The alligator bites you but does no damage.
The alligator completely misses you.
The will-o-the-wisp gestures.
The will-o-the-wisp conjures some marshlight! 2 foxfires come into view.
You see here 8 gold pieces.
The +7 Kryia's mail coat enhances the healing.
You feel better. The alligator misses you. The alligator tail-slaps you.
* * * LOW HITPOINT WARNING * * *
The foxfire hits you!
* * * LOW HITPOINT WARNING * * *
The foxfire hits you!!
You die...
Your body crumbles into a pile of gold.

.. ♣~~~...~.~~..♣♣♣.. ..
..♣♣<~~.~§~....♣°♣~♣.
~.^ ♣...~~.~~~.~~$~.♣°..
~~§.♣♣~~~~~§§♣.~§♣~....~
§~~~♣..~~~§~§..♣.~~~~~~~
~~..~~~~>~§§§$.♣♣♣♣..~..
~~§♣~§~~.~v§§$.♣ ♣♣♣~~.
~>..~..~v§§§<..♣ ♣♣~.
~♣..♣.tp§§§~♣~..♣ ♣♣~
..~♣~.~~.♣~~~~~.♣ ♣♣
§~~.~~♣~.♣♣.~~~~♣ ♣
.!.§§~~.♣♣♣♣.~~.~♣
~~.~♣~~~♣ ♣~~~.♣
...~..♣~. ♣....
~.~~.~~.♣ ♣~♣. ~.~.....♣
~♣


You could see an alligator and a will-o-the-wisp.

Vanquished Creatures
  Nikola (Spider:1)
  Aizul (Swamp:1)
  10 emperor scorpions
  4 ghost moths
  2 broodmothers (Spider:4)
  3 eleionomae
  2 bunyips
  A minotaur (Gauntlet)
  4 spark wasps
  An entropy weaver (Spider:4)
  The ghost of Uklopt the Trooper, a journeyman DsGl of Gozag (D:12)
  A fire dragon (Lair:5)
  A shambling mangrove (Swamp:1)
  4 hydras
  7 alligators
  A jorogumo (Spider:3)
  A radroach (Spider:2)
  2 dancing weapons (D:13)
  4 centaur warriors
  3 two-headed ogres
  Erica (D:11)
  4 boulder beetles
  2 tengu warriors (D:15)
  6 demonic crawlers
  A storm dragon zombie (D:15)
  A fire crab (Lair:5)
  6 pharaoh ants
  3 skeletal warriors (D:15)
  5 goliath frogs
  A spark wasp zombie (D:15)
  A flayed ghost (D:15)
  2 bunyip zombies (Swamp:2)
  2 spriggan druids (Swamp:2)
  10 orb spiders
  2 bog bodies
  5 deep elf pyromancers
  2 swamp dragons (Swamp:3)
  10 steelbarb worms
  2 necromancers
  An alligator zombie (Swamp:2)
  23 wolf spiders
  An oklob plant (Gauntlet)
  3 orc knights
  2 will-o-the-wisps
  A manticore (Lair:4)
  14 ugly things
  2 cyclopes
  4 slime creatures (D:14)
  17 elephants
  3 moths of wrath
  2 molten gargoyles (Lair:5)
  4 black mambas (Lair:5)
  A gargoyle (D:11)
  3 torpor snails
  2 kobold demonologists
  15 komodo dragons
  7 cane toads
  6 rime drakes
  A cane toad (shapeshifter) (D:14)
  An efreet (D:11)
  A yaktaur (D:15)
  A bunyip simulacrum (Swamp:2)
  2 tengu conjurers
  2 tyrant leeches (Swamp:2)
  2 hydra zombies (Swamp:2)
  3 queen bees
  6 meliai
  2 trolls
  2 polar bears
  34 tarantellas
  2 dream sheep (Lair:2)
  4 hornets
  Sigmund (D:3)
  2 centaur simulacra (Gauntlet)
  3 spriggans
  30 jumping spiders
  21 culicivoras
  A shadow (D:11)
  2 vampires (D:12)
  A wraith (D:12)
  8 wyverns
  9 basilisks
  40 redbacks
  Grum (D:11)
  48 yaks
  2 steam dragons
  7 vampire mosquitoes
  5 neqoxecs (D:12)
  4 wargs
  Menkaure (D:5)
  An acid dragon (Gauntlet)
  8 swamp worms
  Edmund (D:6)
  A harpy simulacrum (Gauntlet)
  13 water moccasins
  4 hell hounds (Lair:5)
  4 black bears (Lair:2)
  16 orc warriors
  A black bear (shapeshifter) (D:14)
  7 wolves
  11 centaurs
  4 ogres
  7 kobold brigands
  3 phantoms
  15 bullfrogs
  A gnoll sergeant (D:10)
  A necrophage (D:7)
  3 scorpions (D:6)
  6 wights
  68 killer bees
  A howler monkey (D:4)
  5 lava snakes (Lair:5)
  4 centaur zombies
  A bullfrog zombie (D:7)
  3 quasits (D:12)
  2 jellies
  4 gnoll boudas
  4 human zombies
  7 orc priests
  3 hounds
  4 iguanas
  9 orc wizards
  7 hell rats (Lair:5)
  A statue (D:5)
  2 killer bee zombies (D:7)
  2 howler monkey zombies (D:7)
  3 mummies
  21 gnolls
  9 adders
  2 river rats (Sewer)
  A shadow imp (D:7)
  3 white imps
  2 adder zombies (Ossuary)
  5 worms
  2 dart slugs
  51 orcs
  6 bats
  12 endoplasms
  11 giant cockroaches
  9 goblins
  10 hobgoblins
  5 jackals
  23 kobolds
  3 quokkas
  5 ball pythons
  6 frilled lizards
  A goblin zombie (Ossuary)
  10 hobgoblin zombies (Ossuary)
  9 kobold zombies (Ossuary)
  10 orc zombies (Ossuary)
  9 rats
942 creatures vanquished.

Vanquished Creatures (others)
  A bunyip (Swamp:1)
  A goliath frog (Swamp:2)
  A bog body (Swamp:1)
  4 bloated husks
  4 vampire mosquitoes (Swamp:1)
  An orc (D:8)
  17 foxfires
29 creatures vanquished.

Grand Total: 971 creatures vanquished

Notes
Turn   | Place    | Note
-------+----------+-------------------------------------------
     0 | D:1      | sammy202020 the Demonspawn Shapeshifter began the quest for
                  | the Orb.
     0 | D:1      | Reached XP level 1. HP: 15/15 MP: 1/1
     1 | D:1      | Found a runed translucent door.
   197 | D:1      | Found a faded altar of an unknown god.
   205 | D:1      | Gained mutation: You are partially covered in rugged brown
                  | scales. (AC +1, +3% HP) [demonic ancestry]
   205 | D:1      | Reached XP level 2. HP: 13/21 MP: 2/2
   733 | D:1      | Gained mutation: You regenerate a little health from kills.
                  | [demonic ancestry]
   733 | D:1      | Reached XP level 3. HP: 21/27 MP: 3/3
   763 | D:1      | Reached skill level 2 in Fighting
  1375 | D:2      | Gained mutation: A meltable shield of frost defends you.
                  | (SH +0) [demonic ancestry]
  1375 | D:2      | Reached XP level 4. HP: 33/33 MP: 4/4
  1668 | D:3      | Found a bloodstained altar of Trog.
  1712 | D:3      | Reached skill level 1 in Armour
  1790 | D:3      | Identified the +9 hand axe "Zusuteask" {holy, rPois rF++}
  2020 | D:3      | Reached XP level 5. HP: 39/40 MP: 5/5
  2388 | D:3      | Noticed Sigmund
  2405 | D:3      | Killed Sigmund
  2406 | D:3      | Reached skill level 3 in Fighting
  2406 | D:3      | Reached XP level 6. HP: 35/48 MP: 6/6
  2974 | D:4      | Gained mutation: A meltable icy envelope protects you from
                  | harm. (AC +0) [demonic ancestry]
  2974 | D:4      | Reached XP level 7. HP: 43/54 MP: 7/7
  3125 | D:4      | Found a sand-covered staircase.
  3402 | Ossuary  | Entered an ossuary
  3578 | Ossuary  | Reached skill level 4 in Fighting
  3799 | Ossuary  | Gained mutation: You are resistant to electric shocks.
                  | (rElec) [potion of mutation]
  3799 | Ossuary  | Gained mutation: You have a somewhat thin skeletal
                  | structure. (Dex +2, Stealth+) [potion of mutation]
  3799 | Ossuary  | Gained mutation: You are partially covered in large bone
                  | plates. (SH +4) [potion of mutation]
  4012 | D:5      | Entered Level 5 of the Dungeon
  4012 | D:5      | Found a blossoming altar of Fedhas.
  4012 | D:5      | Found a sacrificial altar of Ru.
  4012 | D:5      | Found a hazy altar of Hepliaklqana.
  4194 | D:5      | Found a glowing drain.
  4212 | Sewer    | Entered a sewer
  4286 | Sewer    | Reached skill level 5 in Unarmed Combat
  4481 | Sewer    | Reached XP level 8. HP: 43/62 MP: 6/8
  4884 | Sewer    | Reached skill level 5 in Fighting
  5018 | Sewer    | Reached skill level 5 in Shapeshifting
  5423 | D:5      | Noticed Menkaure
  5442 | D:5      | Killed Menkaure
  5514 | D:5      | Found Oskak's Distillery.
  5522 | D:5      | Bought 2 potions of curing for 66 gold pieces
  5522 | D:5      | Bought a potion of heal wounds for 55 gold pieces
  5587 | D:5      | Found a radiant altar of Vehumet.
  5786 | D:6      | Reached XP level 9. HP: 55/71 MP: 9/9
  6041 | D:6      | Reached skill level 6 in Fighting
  6241 | D:6      | Noticed Edmund
  6249 | D:6      | Killed Edmund
  6679 | D:7      | Found a broken altar of Ashenzari.
  6767 | D:7      | Found Ackaucybb's Assorted Antiques.
  6820 | D:7      | Bought a helmet for 117 gold pieces
  6885 | D:7      | Found a staircase to the Ecumenical Temple.
  6967 | Temple   | Entered the Ecumenical Temple
  6980 | Temple   | Became a worshipper of Gozag Ym Sagoz the Greedy
  7147 | D:7      | Found a basalt altar of Yredelemnul.
  7244 | D:7      | Reached skill level 7 in Fighting
  7712 | D:8      | Gained mutation: You have large cloven feet. [demonic
                  | ancestry]
  7712 | D:8      | Reached XP level 10. HP: 15/81 MP: 2/10
  8081 | D:8      | Found an ornate altar of the Wu Jian Council.
  8169 | D:8      | Found a flagged portal.
  8198 | Bailey   | Entered a bailey
  8242 | Bailey   | Noticed an orc knight
  8272 | Bailey   | Reached skill level 5 in Dodging
  8428 | Bailey   | Killed an orc knight
  8478 | Bailey   | Identified the +2 robe of Ossomafu {rElec Int+4 Dex-2
                  | Slay+5}
  8753 | D:8      | Reached skill level 5 in Armour
  9477 | D:9      | Reached skill level 8 in Fighting
  9534 | D:9      | Noticed a two-headed ogre
  9543 | D:9      | Killed a two-headed ogre
  9949 | D:9      | Reached XP level 11. HP: 75/89 MP: 9/11
 10003 | D:9      | Found the +7 Kryia's mail coat {PotionHeal*2 rC+}
 10119 | D:9      | Found a staircase to the Orcish Mines.
 10363 | D:10     | Entered Level 10 of the Dungeon
 10372 | D:10     | Noticed a two-headed ogre
 10382 | D:10     | Killed a two-headed ogre
 10421 | D:10     | Identified the +10 spear of Ashenzari's Outrage {vamp, rC+}
 10482 | D:10     | Found a hide-covered altar of Uskayaw.
 10518 | D:10     | Noticed a cyan ugly thing
 10518 | D:10     | Noticed a centaur warrior
 10519 | D:10     | Noticed a deep elf pyromancer
 10521 | D:10     | Noticed a centaur warrior
 10527 | D:10     | Killed a red ugly thing
 10533 | D:10     | Killed a deep elf pyromancer
 10538 | D:10     | Killed a centaur warrior
 10539 | D:10     | Reached skill level 9 in Fighting
 10562 | D:10     | Killed a centaur warrior
 11348 | D:11     | Noticed a purple ugly thing
 11362 | D:11     | Killed a green ugly thing
 11523 | D:11     | Noticed Erica
 11538 | D:11     | Killed Erica
 11703 | D:11     | Found a staircase to the Lair.
 12015 | D:11     | Reached skill level 10 in Fighting
 12015 | D:11     | Gained mutation: You have hoof-like feet. [demonic
                  | ancestry]
 12015 | D:11     | Reached XP level 12. HP: 99/99 MP: 12/12
 12074 | D:11     | Noticed a two-headed ogre
 12080 | D:11     | Killed a two-headed ogre
 12109 | D:11     | Noticed Grum
 12125 | D:11     | Killed Grum
 12455 | D:12     | Found a gate leading to a gauntlet.
 12464 | Gauntlet | Entered a Gauntlet
 12464 | Gauntlet | Found a transporter.
 12471 | Gauntlet | Noticed a catoblepas
 12478 | Gauntlet | Found a transporter.
 12488 | Gauntlet | Found a transporter.
 12506 | Gauntlet | Noticed a quicksilver ooze
 12508 | Gauntlet | Found a transporter.
 12578 | Gauntlet | Found a transporter.
 12580 | Gauntlet | Found a transporter.
 12582 | Gauntlet | Found a transporter.
 12598 | Gauntlet | Found a transporter.
 12616 | Gauntlet | Found a transporter.
 12620 | Gauntlet | Noticed a death yak
 12621 | Gauntlet | Noticed a death yak
 12621 | Gauntlet | Noticed a death yak
 12624 | Gauntlet | Found a transporter.
 12642 | Gauntlet | Found a transporter.
 12662 | Gauntlet | Found a transporter.
 12674 | Gauntlet | Found a transporter.
 12699 | Gauntlet | Noticed a death yak
 12700 | Gauntlet | Noticed a death yak
 12700 | Gauntlet | Found a transporter.
 12700 | Gauntlet | Noticed a death yak
 12702 | Gauntlet | Noticed a death yak
 12712 | Gauntlet | Found a transporter.
 12724 | Gauntlet | Found a transporter.
 12842 | Gauntlet | Found a transporter.
 12843 | Gauntlet | Found a transporter.
 12936 | Gauntlet | Identified the ring "Oloafeigg" {rF+ MP+9 Dex+2}
 12940 | Gauntlet | Identified the +0 pair of gloves of the Secret Servitors
                  | {Str+5 Int-4 Dex+5}
 12981 | Gauntlet | Noticed a minotaur
 13000 | Gauntlet | Killed a minotaur
 13001 | Gauntlet | Reached skill level 10 in Unarmed Combat
 13018 | Gauntlet | Identified the +4 trident of the Zealous God {freeze,
                  | rCorr}
 13296 | D:12     | Found a transporter.
 13329 | D:12     | Noticed Uklopt's ghost (journeyman DsGl)
 13345 | D:12     | Found a transporter.
 13362 | D:12     | Gained mutation: You occasionally lose the ability to drink
                  | potions when taking damage. [a neqoxec]
 13381 | D:12     | Lost intelligence.
 13394 | D:12     | Killed Uklopt's ghost
 13407 | D:12     | Gained mutation: You are vulnerable to cold. (rC-) [a
                  | neqoxec]
 13423 | D:12     | Got the ring of Satisfaction {rElec rC+++ Str-2 Int+6
                  | Dex-3}
 14506 | D:13     | Noticed a boulder beetle
 14508 | D:13     | Found a gate to the Vaults.
 14541 | D:13     | Killed a boulder beetle
 14542 | D:13     | Reached skill level 11 in Fighting
 14748 | D:13     | Noticed a centaur warrior
 14778 | D:13     | Killed a centaur warrior
 14959 | D:13     | Bought the +2 helmet "Iczusair" {Fly} for 354 gold pieces
 15455 | D:14     | Reached XP level 13. HP: 68/109 MP: 13/13
 15584 | D:14     | Found Bopuss's Book Boutique.
 15604 | D:14     | Bought a manual of Armour for 1200 gold pieces
 15660 | D:14     | Found a sacrificial altar of Ru.
 15743 | D:14     | Reached skill level 10 in Shapeshifting
 16361 | D:15     | Entered Level 15 of the Dungeon
 16834 | D:15     | Reached skill level 12 in Fighting
 17108 | D:15     | Found a staircase to the Depths.
 17800 | Lair:1   | Entered Level 1 of the Lair of Beasts
 18754 | Lair:2   | Gained mutation: You have hooves in place of feet. [demonic
                  | ancestry]
 18754 | Lair:2   | Reached XP level 14. HP: 84/119 MP: 12/14
 19997 | Lair:3   | Found a hole to the Spider Nest.
 20219 | Lair:3   | Found a staircase to the Swamp.
 20619 | Lair:3   | Reached skill level 13 in Fighting
 21377 | Lair:4   | Reached skill level 10 in Armour
 21778 | Lair:4   | Found the +2 cloak of the Thief {*Fog Slay-2 SInv Stlth+}
 22443 | IceCv    | Identified the of Owufyeh
 22443 | IceCv    | Identified the "Caith"
 22443 | Lair:5   | Entered Level 5 of the Lair of Beasts
 22446 | Lair:5   | Identified the +2 ring mail of Shielding {Slay+2}
 22835 | Lair:5   | Gained mutation: A meltable icy envelope protects you from
                  | harm. (AC +0) [demonic ancestry]
 22835 | Lair:5   | Reached XP level 15. HP: 66/128 MP: 7/15
 23121 | Lair:5   | Found a large runed translucent door.
 23121 | Lair:5   | Found a large runed translucent door.
 23666 | Swamp:1  | Entered Level 1 of the Swamp
 23684 | Swamp:1  | Identified the serpent talisman of Reason {+Blink rF+}
 23684 | Swamp:1  | Noticed Aizul
 23696 | Lair:3   | HP: 3/128 [spriggan rider/+0 spear (16)]
 24435 | Spider:1 | Entered Level 1 of the Spider Nest
 24435 | Spider:1 | Noticed an emperor scorpion
 24445 | Spider:1 | Killed an emperor scorpion
 24467 | Spider:1 | HP: 5/128 [culicivora (13)]
 24859 | Spider:1 | Reached skill level 14 in Fighting
 24981 | Spider:1 | Bought 2 potions of resistance for 380 gold pieces
 24981 | Spider:1 | Bought a potion of haste for 190 gold pieces
 24981 | Spider:1 | Bought a potion of curing for 57 gold pieces
 24981 | Spider:1 | Bought a potion of heal wounds for 95 gold pieces
 25067 | Spider:1 | Noticed Nikola
 25085 | Spider:1 | Killed Nikola
 25628 | Spider:1 | Identified the +7 whip of Plague {antimagic, Str+3}
 26324 | Spider:1 | Bought the ring of the Final Decision {rPois Dex+2 SInv}
                  | for 601 gold pieces
 26542 | Spider:2 | Identified the +10 trident of Fundamental Breach {freeze,
                  | rC+ MP+9 Str-3 Dex+7}
 27254 | Spider:2 | Identified the +2 pair of boots of Ygyaren {rPois rF+
                  | Slay+3}
 29281 | Spider:3 | Noticed an emperor scorpion
 29300 | Spider:3 | Killed an emperor scorpion
 29365 | Spider:3 | Reached XP level 16. HP: 138/138 MP: 14/16
 30436 | Spider:4 | Entered Level 4 of the Spider Nest
 30445 | Spider:4 | Reached skill level 15 in Fighting
 31184 | Spider:4 | Reached skill level 10 in Dodging
 33680 | Spider:4 | Got a gossamer rune of Zot
 34031 | Swamp:1  | Killed Aizul
 34766 | Swamp:1  | Gained mutation: You are mostly covered in rugged brown
                  | scales. (AC +2, +5% HP) [demonic ancestry]
 34766 | Swamp:1  | Reached XP level 17. HP: 103/151 MP: 14/17
 35717 | Swamp:2  | Reached skill level 16 in Fighting
 35717 | Swamp:2  | Reached skill level 15 in Unarmed Combat
 35977 | Spider:1 | Bought the amulet of Eternal Night {Reflect Str+4 SH+5} for
                  | 771 gold pieces
 36331 | Swamp:3  | Killed from afar by a will-o-the-wisp

Illustrated notes

Levels and vault maps discovered:
D:1:      dpeg_arrival_caged_fury, layout_basic, shapermc_ecumenical_altar_venn
D:2:      layout_loops_ring, serial_bayou_pond_e, nicolae_figureground_pulse
D:3:      layout_basic, mainiacjoe_overflow_small_starburst,
          hangedman_feature_mirror, dreamdust_wishing_well, uniq_sigmund
D:4:      kennysheep_big_flooded_room, layout_basic, nicolae_ossuary_entry_ruins
D:5:      layout_rooms, vehumet_statue,
          chequers_temple_overflow_statue_of_worship, portal_sewer_entry_f,
          serial_shops, shop, uniq_menkaure
D:6:      layout_rooms, minmay_increasing_density, uniq_edmund
D:7:      layout_basic, lemuel_mausoleum_altar_yredelemnul, lemuel_doored_altar,
          minmay_temple_entry_waves, serial_shops, shop
D:8:      layout_basic, nicolae_wu_jian_wuxing_cycle, enter_bailey_2
D:9:      layout_irregular_city, orc_0_dummy
D:10:     minmay_curly_fans, layout_basic, kennysheep_mini_moat
D:11:     layout_loops_ring, erik_lair_orcish_takeover, uniq_erica, uniq_grum
D:12:     layout_cave_pods, gammafunk_ghost_stat_death, gauntlet_entry_generic
D:13:     layout_roguey, erik_vaults_1, grunt_decor_resistance
D:14:     layout_basic, special_room [special_room_bee], serial_shops, shop,
          nicolae_ru_sacrificial_ziggurat
D:15:     gammafunk_depths_entry_grave, layout_stronghold, corexii_checkpoint,
          eino_small_chamber_without_monster
Temple:   hc_temple_tempest_star
Lair:1:   wander_river, layout_chaotic_city, grunt_megastairs_1
Lair:2:   layout_regular_city, wad_woods_river_01, lemuel_fruit_tree
Lair:3:   layout_cave_pods, alex1729_swamp_entry_worm_eleionoma,
          nicolae_spider_entry_tight_spaces, grunt_megastairs_2
Lair:4:   hangedman_what_comes_after_a, layout_cave_pods
Lair:5:   cheibrodos_lair_end_hotspot, layout_loops_ring, slime_entry_1,
          portal_ice_cave_entry_ice_simulacra, minivault_24
Swamp:1:  layout_falls_marsh, evilmike_swamp_ruin_wall, uniq_aizul
Swamp:2:  layout_basic_swamp, nicolae_swamp_orc_logging_accident, swamp_pool_3,
          nicolae_swamp_necromancer_hut
Swamp:3:  layout_falls_marsh, evilmike_swamp_ruin_house_5
Spider:1: layout_spider_delve, uniq_nikola
Spider:2: layout_spider_delve, nicolae_spider_orb_run
Spider:3: layout_spider_delve
Spider:4: guppyfry_spider_rune

Skill      XL: |  1  2  3  4  5  6  7  8  9 10 11 12 13 14 15 16 17 |
---------------+----------------------------------------------------+-----
Unarmed Combat | 3 4 5 6 7 8 9 10 11 12 13 14 15 | 15.1
Fighting       | 2 3 4 5 7 8 10 11 12 13 14 15 16 | 16.1
Shapeshifting  | 3 4 5 6 7 8 9 10 11 12 13 | 13.9
Dodging        | 2 3 4 5 6 7 8 9 10 | 10.6
Armour         | 1 2 3 4 5 6 7 9 10 11 13 | 13.2

Action                     |  1- 3 |  4- 6 |  7- 9 | 10-12 | 13-15 | 16-18 || total
---------------------------+-------+-------+-------+-------+-------+-------++-------
  Melee: Unarmed           |   140 |   143 |   748 |   775 |  1836 |   817 ||  4459
         Punch             |     8 |     2 |     9 |       |       |       ||    19
         Kick              |       |       |       |   122 |   844 |   431 ||  1397
  Throw: Dart              |       |       |     1 |       |       |       ||     1
 Invoke: Call Merchant     |       |       |       |     1 |     3 |     1 ||     5
         Potion Petition   |       |       |       |       |     1 |       ||     1
    Use: Scroll            |       |     6 |     7 |    10 |     8 |     1 ||    32
         Potion            |       |     3 |    11 |     5 |    13 |     6 ||    38
   Stab: Sleeping          |       |     1 |       |       |       |       ||     1
         Distracted        |       |       |     2 |     7 |    20 |     5 ||    34
 Armour: Animal skin       |    20 |       |       |       |       |       ||    20
         Leather armour    |    42 |    22 |       |       |       |       ||    64
         Ring mail         |       |    56 |    66 |       |       |       ||   122
         Robe              |       |    16 |    97 |       |       |       ||   113
         Scale mail        |       |       |    45 |   338 |  1615 |   830 ||  2828
         Plate armour      |       |       |   207 |   248 |       |       ||   455
         Skin              |       |       |       |     1 |       |       ||     1
  Dodge: Dodged            |    85 |    69 |   268 |   406 |  1147 |   620 ||  2595
         Repelled          |       |       |     1 |     3 |       |       ||     4
  Block: Other             |       |    22 |   213 |   310 |   629 |   385 ||  1559
         Reflection        |       |       |       |     1 |       |     4 ||     5
   Form: Flux              |       |       |     1 |       |       |       ||     1

Table legend: (Time is in decaauts)
 A = Elapsed time spent in this place.
 B = Non-inter-level travel time spent in this place.
 C = Inter-level travel time spent in this place.
 D = Time resting spent in this place.
 E = Time spent auto-exploring this place.
 F = Levels seen in this place.
 G = Mean time per level.
                   A        B        C        D        E       F      G
               +--------+--------+--------+--------+--------+-----+--------+
         Total |  35692 |  34784 |    908 |   6251 |  19689 |  32 | 1115.4 |
       Dungeon |  14938 |  14591 |    347 |    808 |  10169 |  15 |  995.9 |
        Temple |     27 |     27 |      0 |      0 |      0 |   1 |   27.0 |
          Lair |   7052 |   6835 |    217 |   1302 |   4011 |   5 | 1410.4 |
         Swamp |   1717 |   1619 |     98 |      0 |   1270 |   3 |  572.3 |
   Spider Nest |   9222 |   8978 |    244 |   4053 |   3230 |   4 | 2305.5 |
         Sewer |   1305 |   1305 |      0 |     87 |    823 |   1 | 1305.0 |
       Ossuary |    398 |    398 |      0 |      0 |     24 |   1 |  398.0 |
        Bailey |    477 |    477 |      0 |      0 |    139 |   1 |  477.0 |
      Gauntlet |    552 |    552 |      0 |      0 |     22 |   1 |  552.0 |
               +--------+--------+--------+--------+--------+-----+--------+

Top non-repeatable levels by time:
Spider:4: 3214 daAuts
  Lair:3: 2556 daAuts
Spider:1: 2075 daAuts
Spider:2: 2043 daAuts
Spider:3: 1888 daAuts
  Lair:4: 1341 daAuts
    D:12: 1336 daAuts
   Sewer: 1305 daAuts
    D:15: 1289 daAuts
    D:11: 1202 daAuts
     D:8: 1151 daAuts
  Lair:5: 1149 daAuts
  Lair:2: 1085 daAuts
    D:14: 1049 daAuts
     D:9: 1041 daAuts
